 Dungeon Crawl Stone Soup version 0.29.0-11-gd7f09526c8 (webtiles) character file.

Game seed: 13240104818469450677

133 Shayle the Sneak (level 5, -7/32 HPs)
             Began as a Tengu Brigand on Sept 5, 2022.
             Killed by divine providence
             ... invoked by an orc priest
              (8 damage)
             ... on level 3 of the Dungeon.
             The game lasted 00:09:01 (2655 turns).

Shayle the Sneak (Tengu Brigand)                    Turns: 2655, Time: 00:09:02

Health: -7/32      AC:  3    Str: 11    XL:     5   Next: 16%
Magic:  9/9        EV: 11    Int: 13    God:
Gold:   135        SH:  7    Dex: 16    Spells: 8/8 levels left

rFire   . . .      SeeInvis .   p - +1 scimitar
rCold   . . .      Faith    .   n - +0 kite shield
rNeg    . . .      Spirit   .   b - +0 robe
rPois   .          Reflect  .   (helmet restricted)
rElec   .          Harm     .   c - +0 cloak
rCorr   .          Rampage  .   (no gloves)
Will    .....                   (boots unavailable)
Stlth   +++.......              (no amulet)
HPRegen 0.10/turn               (no ring)
MPRegen 0.11/turn               (no ring)

@: flying quickly and evasively, invisible, quick
A: beak, talons 3, nimble flight
a: no special abilities


You were on level 3 of the Dungeon.
You visited 1 branch of the dungeon, and saw 3 of its levels.

You collected 135 gold pieces.

Inventory:

Hand Weapons
 a - a +2 dagger
 p - a +1 scimitar (weapon)
Missiles
 d - 15 poisoned darts
 e - 2 curare-tipped darts (quivered)
Armour
 b - a +0 robe (worn)
 c - a +0 cloak (worn)
 n - a +0 kite shield (worn)
Jewellery
 g - a ring of poison resistance
 o - a ring of protection from fire
Wands
 k - a wand of flame (1)
Scrolls
 h - a scroll of fear
 i - 2 scrolls of teleportation
 q - a scroll of poison {unknown}
 s - a scroll of fog {unknown}
Potions
 f - a potion of ambrosia
 j - a potion of mutation {unknown}
 l - a potion of magic
 r - a potion of brilliance


   Skills:
 + Level 3.3 Fighting
 - Level 2.1(2.9) Short Blades
 + Level 2.7(3.1) Long Blades
 - Level 2.0 Throwing
 - Level 1.1 Dodging
 - Level 4.0 Stealth
 + Level 2.2 Spellcasting


You had 8 spell levels left.
You didn't know any spells.
Your spell library was empty.

Dungeon Overview and Level Annotations

Branches:
Dungeon (3/15)

Altars:
Elyvilon

Annotations:
D:3 2 transporters, Zonian's ghost, amateur DsGl


Innate Abilities, Weirdness & Mutations

You have a beak for a mouth.
You have claws for feet.
Your magical nature lets you fly swiftly and evasively.


Message History

You now have 135 gold pieces (gained 10).
A giant cockroach comes into view.
The giant cockroach barely misses you.
You barely miss the giant cockroach. You claw the giant cockroach.
The giant cockroach is severely wounded.
The giant cockroach bites you but does no damage.
The giant cockroach misses you.
You hit the giant cockroach.
You kill the giant cockroach!
You see here a giant cockroach corpse.
A goblin comes into view. It is wielding a +0 club.
A goblin is nearby!
The goblin shouts!
You barely miss the goblin. You claw the goblin.
The goblin is heavily wounded.
The goblin hits you with a +0 club.
You miss the goblin. You peck the goblin.
You kill the goblin!
You see here a +0 club.
An orc comes into view. It is wielding a +0 hand axe.
You see here a +0 sling.
An orc priest comes into view. It is wielding a +0 whip.
An orc comes into view. It is wielding a +0 flail.
An orc priest comes into view. It is wielding a +0 club.
The orc priest mumbles some strange prayers to Beogh against you.
Pain shoots through your body!
The orc shouts!
The orc priest shouts!
The orc priest calls down the wrath of Beogh upon you.
Beogh smites you!
* * * LOW HITPOINT WARNING * * *
The orc priest calls down the wrath of Beogh upon you.
Beogh smites you!
* * * LOW HITPOINT WARNING * * *
You fade into invisibility!
Zonian's ghost turns its malevolent gaze towards you.
The orc priest hits you but does no damage.
The orc priest invokes the aid of Beogh against you.
Beogh smites you!
You die...

.....# ######## .....#
#####......##### .....#
#........#.....###
.....###.................
...........♣♣)...........
..........♣♣.........####
....#.....♣.♣♣......##... ##.
...##.........oo....#8... 8#..
...............o@...#W.S......#..
..##..........o..<..#.S.S.?...#..
.....#####.....o...©#....©...[#©.
....#######.........#........$#..
.#.......##.........#.........#..
....................#8.......8#..
....................##©......##..
##########...........#########...
......####......................†


You could see 3 orc priests, Zonian's ghost, an adder (wandering, unable to see
you), 2 orcs and a ball python (wandering, unable to see you).

Vanquished Creatures
  An iguana (D:3)
  Robin (D:2)
  4 adders
  A worm (D:2)
  2 dart slugs
  2 orcs (D:3)
  4 bats
  An endoplasm (D:1)
  A giant cockroach (D:3)
  5 goblins
  10 hobgoblins
  4 jackals (D:2)
  4 quokkas
  4 ball pythons
  2 frilled lizards (D:1)
  2 kobolds (D:1)
  4 rats
52 creatures vanquished.

Notes
Turn   | Place    | Note
-------+----------+-------------------------------------------
     0 | D:1      | Shayle the Tengu Brigand began the quest for the Orb.
     0 | D:1      | Reached XP level 1. HP: 12/12 MP: 2/2
   136 | D:1      | Found a faded altar of an unknown god.
   285 | D:1      | Reached XP level 2. HP: 17/17 MP: 3/3
   340 | D:1      | Reached skill level 1 in Long Blades
   660 | D:1      | Reached skill level 1 in Spellcasting
   980 | D:2      | Reached XP level 3. HP: 22/22 MP: 5/5
  1404 | D:2      | Noticed Robin
  1423 | D:2      | Killed Robin
  1424 | D:2      | Reached XP level 4. HP: 8/27 MP: 7/7
  1465 | D:3      | Noticed Zonian's ghost (amateur DsGl)
  1465 | D:3      | Found a transporter.
  1465 | D:3      | Found a transporter.
  2051 | D:3      | Gained mutation: Your magical nature lets you fly swiftly
                  | and evasively. [Tengu growth]
  2051 | D:3      | Reached XP level 5. HP: 26/32 MP: 9/9
  2555 | D:3      | Found a white marble altar of Elyvilon.
  2653 | D:3      | HP: 1/32 [orc priest/divine providence (8)]
  2655 | D:3      | Killed from afar by an orc priest

Illustrated notes

Levels and vault maps discovered:
D:1:      dpeg_arrival_erosion, layout_basic, chequers_ecumenical_altar_island
D:2:      layout_loops_ring, hangedman_decor_growths, uniq_robin
D:3:      layout_rooms, mainiacjoe_overflow_cross_hatched,
          gammafunk_ghost_arena, chequers_garden, minmay_strange_pillars,
          minmay_between

Skill      XL: |  1  2  3  4 |
---------------+-------------+-----
Long Blades    | 1 2 |  2.7
Spellcasting   | 1 2 |  2.2
Fighting       | 3 |  3.3
Short Blades   | |  2.1
Throwing       | |  2.0
Dodging        | |  1.1
Stealth        | |  4.0

Action                   |  1- 3 |  4- 6 || total
-------------------------+-------+-------++-------
Melee: Dagger            |    63 |    25 ||    88
       Kick              |    22 |    14 ||    36
       Peck              |     3 |    13 ||    16
       Scimitar          |       |    25 ||    25
Throw: Dart              |     3 |     1 ||     4
  Use: Potion            |     1 |     1 ||     2
       Scroll            |       |     8 ||     8
 Stab: Sleeping          |     7 |     3 ||    10
Armor: Robe              |    10 |    26 ||    36
Dodge: Dodged            |    28 |    33 ||    61
Block: Kite shield       |    11 |    27 ||    38
